AoeStats
← bs-32

Four Lakes

510265426Analyzed
1v1 RM · 2d ago on Sep 30, 2026· 76m 43s· 2 players
Game mode
Random Map
Map size
Tiny (2 player)
Population
200
Speed
Normal
Resources
Standard
Victory
Conquest
Starting age
Dark Age
Ending age
Imperial Age
RankedLock teamsTeams togetherTeam positionsShared explorationLock speedFull tech treeHidden civsTurbo modeCheats
Victory
Defeat
🇨🇿 Varangians · Czechia
272
+14
🇮🇹 Burgundians · Italy
237
-14
bs-32
6:49 Double-Bit Axe
13:59 Feudal Age
12:50 Horse Collar
17:02 Fishing Lines
21:24 Gold Mining
21:26 Stone Mining
22:25 Bow Saw
24:27 Castle Age
23:52 Forging
23:43 Scale Mail Armor
23:49 Scale Barding Armor
23:45 Padded Archer Armor
23:35 Fletching
25:13 Heavy Plow
25:53 Gold Shaft Mining
25:54 Stone Shaft Mining
27:21 Two-Man Saw
26:56 Crop Rotation
28:00 Gillnets
31:17 Iron Casting
30:58 Chain Mail Armor
31:04 Chain Barding Armor
31:00 Leather Archer Armor
30:40 Bodkin Arrow
31:38 Cavalier
36:14 Imperial Age
38:07 Blast Furnace
37:38 Plate Mail Armor
37:44 Plate Barding Armor
37:11 Bracer
38:59 Elite Coustillier
39:55 Man-at-Arms
40:00 Crossbowman
40:44 Husbandry
44:24 Capped Ram
44:30 Long Swordsman
48:17 Two-Handed Swordsman
52:59 Champion
53:24 Paladin
58:39 Burgundian Vineyards
Dr460n1um-CZ
11:55 Feudal Age
12:40 Double-Bit Axe
24:20 Castle Age
24:54 Fishing Lines
25:27 Bow Saw
25:00 Horse Collar
29:41 Husbandry
34:11 Gold Mining
34:11 Stone Mining
34:23 Heavy Plow
35:55 Gillnets
40:37 Imperial Age
38:50 Wheelbarrow
38:07 Loom
38:05 Treadmill Crane
38:21 Murder Holes
38:49 Ballistics
38:40 Masonry
40:09 Clinker Construction
40:26 Hand Cart
41:50 Stone Shaft Mining
44:44 Crop Rotation
45:19 Two-Man Saw
44:55 Architecture
44:47 Bloodlines
43:59 Cavalier
44:50 Scale Barding Armor
44:55 Forging
44:36 Fletching
44:47 Scale Mail Armor
46:10 Chain Barding Armor
52:51 Plate Barding Armor
52:51 Iron Casting
52:12 Bodkin Arrow
52:32 Chain Mail Armor
52:18 Padded Archer Armor
52:54 Elite Jarl
52:55 Vendel Legacy
53:57 Conscription
53:00 Gothikon
54:36 Chain Mail Armor
54:21 Padded Archer Armor
59:07 Leather Archer Armor
59:23 Plate Mail Armor
58:54 Bracer
59:54 Blast Furnace
64:22 Elite Varangian Guard
64:48 Arson
65:04 Squires
70:22 Ring Archer Armor
69:40 Capped Ram
71:23 Siege Ram
Connection lost

Rejoining the realm…

Still unreachable

The connection could not be restored.

Session expired

The server has moved on; the page needs a fresh start.